 Dungeon Crawl Stone Soup version 0.27-a0-1140-g099f9bb0e8 (webtiles) character file.

Game seed: 18142539232996245747

0 neco the Sneak (level 1, 0/13 HPs)
             Began as a Formicid Air Elementalist on May 10, 2021.
             Slain by a hobgoblin (5 damage)
             ... on level 1 of the Dungeon.
             The game lasted 00:13:18 (260 turns).

neco the Sneak (Formicid Air Elementalist)           Turns: 260, Time: 00:13:18

Health: 0/13       AC:  0    Str: 12    XL:     1   Next: 11%
Magic:  3/3        EV: 12    Int: 14    God:
Gold:   0          SH:  0    Dex: 11    Spells: 3/4 levels left

rFire    . . .     SeeInvis +   d - +0 hunting sling
rCold    . . .     Faith    .   (no shield)
rNeg     . . .     Spirit   .   (no armour)
rPois    .         Reflect  .   (helmet unavailable)
rElec    .         Harm     .   (no cloak)
rCorr    .         Rampage  .   (no gloves)
Will     .....                  (no boots)
Stlth    ++........             (no amulet)
HPRegen  0.04/turn              (no ring)
MPRegen  0.08/turn              (no ring)

@: no status effects
A: permanent stasis, dig shafts and tunnels, antennae 3, four strong arms
a: Dig, Shaft Self


You were on level 1 of the Dungeon.
You visited 1 branch of the dungeon, and saw 1 of its levels.

Inventory:

Hand Weapons
 d - a +0 hunting sling (weapon)
Armour
 a - a +0 robe
 b - a +0 ring mail
Scrolls
 c - a scroll of fear {unknown}


   Skills:
 + Level 1.7 Dodging
 + Level 2.4 Stealth
 + Level 2.1 Spellcasting
 + Level 0.8 Conjurations
 + Level 2.4 Air Magic


You had 3 spell levels left.
You knew the following spells:

 Your Spells              Type           Power      Damage    Failure   Level
a - Shock                 Conj/Air       24%        1d4       12%         1

Your spell library contained the following spells:

 Spells                   Type           Power      Damage    Failure   Level
 Static Discharge         Conj/Air       6%         N/A       19%         2
 Airstrike                Air            4%         N/A       63%         4
 Lightning Bolt           Conj/Air       3%         1d14      97%         5
 Swiftness                Air            Unusable   N/A       N/A         3

Dungeon Overview and Level Annotations

Branches:
Dungeon (1/15)

Altars:


Innate Abilities, Weirdness & Mutations

You cannot be hasted, slowed, berserked, paralysed or teleported.
You can dig through walls and to a lower floor.
You have a pair of large antennae on your head. (SInv)
Your four strong arms can wield two-handed weapons with a shield.


Message History

The goblin closely misses you. The goblin barely misses you.
Found a stone staircase leading down.
Found a mace.
A goblin comes into view. It is wielding a +0 dagger.
There is a stone staircase leading down here.
The goblin shouts!
The hobgoblin barely misses you.
Found 18 stones.
The hobgoblin barely misses you.
You see here 18 stones.
You do not have any ammo quivered for your +0 hunting sling.
You aren't carrying any potions.
Okay, then.
You do not have any ammo quivered for your +0 hunting sling.
Unknown command.
The hobgoblin hits you.
Keep disrobing?
Uppercase [Y]es or [N]o only, please.
Keep disrobing?
You start removing your armour.
You continue taking off your +0 robe.
The hobgoblin hits you.
You continue taking off your +0 robe.
The hobgoblin misses you.
You continue taking off your +0 robe.
The hobgoblin hits you.
You continue taking off your +0 robe.
The hobgoblin closely misses you.
You finish taking off your +0 robe.
Unknown command.
Unknown command.
Unknown command.
The hobgoblin closely misses you.
You start putting on your armour.
You continue putting on your +0 ring mail.
The hobgoblin hits you.
Keep equipping yourself?
Uppercase [Y]es or [N]o only, please.
Keep equipping yourself?
You die...

#.#..####.# #.#
#.#..# #.# #.#
#.#>.####.###.#
#.#..........g#
#.#†#####.###.#
#..# #)# #.#
##.# #.# #.#
##......#
#.#####.####
#####.#
#ggg@.......
..#
##########.#
###


You could see a hobgoblin and 2 goblins.

Vanquished Creatures
  A rat (D:1)
1 creature vanquished.

Notes
Turn   | Place    | Note
-------+----------+-------------------------------------------
     0 | D:1      | neco the Formicid Air Elementalist began the quest for the
                  | Orb.
     0 | D:1      | Reached XP level 1. HP: 13/13 MP: 3/3
   260 | D:1      | Slain by a hobgoblin

Illustrated notes

Levels and vault maps discovered:
D:1:      minmay_arrival_three_doors, layout_loops_ring,
          hellmonk_ecumenical_altar_slurped_away

Action                   || total
-------------------------++-------
 Cast: Shock             ||     1
Dodge: Dodged            ||     8

Table legend: (Time is in decaauts)
 A = Elapsed time spent in this place.
 B = Non-inter-level travel time spent in this place.
 C = Inter-level travel time spent in this place.
 D = Time resting spent in this place.
 E = Time spent auto-exploring this place.
 F = Levels seen in this place.
 G = Mean time per level.
                   A        B        C        D        E       F      G
               +--------+--------+--------+--------+--------+-----+--------+
         Total |    259 |    240 |     19 |      0 |      0 |   1 |  259.0 |
       Dungeon |    259 |    240 |     19 |      0 |      0 |   1 |  259.0 |
               +--------+--------+--------+--------+--------+-----+--------+

Top non-repeatable levels by time:
     D:1: 259 daAuts
